 Dungeon Crawl Stone Soup version 0.17.1-2-g5865329 (webtiles) character file.

64 PossumBlood the Shooter (level 3, -3/24 HPs)
             Began as a High Elf Hunter on Jan 30, 2016.
             Killed by divine providence
             ... invoked by an orc priest
              (17 damage)
             ... on level 3 of the Dungeon.
             The game lasted 00:07:11 (1695 turns).

PossumBlood the Shooter (High Elf Hunter)           Turns: 1695, Time: 00:07:11

Health: -3/24      AC:  4    Str: 11    XL:     3   Next: 91%
Magic:  4/4        EV: 12    Int: 14    God:
Gold:   97         SH:  0    Dex: 17    Spells: 0 memorised, 2 levels left

rFire  . . .     SeeInvis .     b - +0 short sword
rCold  . . .     Clarity  .     c - +0 leather armour
rNeg   . . .     SustAt   .     (no shield)
rPois  .         Gourm    .     (no helmet)
rElec  .         Spirit   .     n - +0 cloak
rCorr  .         Warding  .     (no gloves)
rMut   .         Stasis   .     (no boots)
MR     .....                    (no amulet)
Stlth  ++........               (no ring)
                                j - ring of wizardry

@: not resistant to hostile enchantments, unstealthy
A: no striking features
a: no special abilities


You were on level 3 of the Dungeon.
You were not hungry.

You visited 1 branch of the dungeon, and saw 3 of its levels.

You collected 97 gold pieces.

Inventory:

Hand Weapons
 a - a +1 shortbow
 b - a +0 short sword (weapon)
Armour
 c - a +0 leather armour (worn)
 n - a +0 cloak (worn)
Jewellery
 j - a ring of wizardry (left hand)
Wands
 p - a wand of confusion (22)
Scrolls
 f - 2 scrolls of identify {unknown}
 g - a scroll of amnesia {unknown}
 h - a scroll of teleportation {unknown}
 i - 2 scrolls of remove curse {unknown}
 k - a scroll of magic mapping {unknown}
 m - 2 scrolls of immolation {unknown}
Potions
 o - a potion of ambrosia {unknown}
 q - 2 potions of curing {unknown}
 r - a potion of poison {unknown}
 s - a potion of agility {unknown}
 u - a potion of cancellation {unknown}
 v - a potion of heal wounds {unknown}
Comestibles
 e - 3 bread rations
 t - a meat ration


   Skills:
 - Level 2.0 Fighting
 * Level 7.3 Bows
 - Level 2.1 Dodging
 - Level 1.1 Stealth


You had 2 spell levels left.
You didn't know any spells.

Dungeon Overview and Level Annotations

Branches:
Dungeon (3/15)

Altars:
Elyvilon
Fedhas
Zin
The Shining One

Annotations:
D:2 exclusion: oklob plant


Message History

Firing (i - inventory): No suitable missiles.
Press: ? - help, Shift-Dir - straight line, f/p - orc
Aim: an orc, wielding a dagger (severely wounded)
Okay, then.
Wield which item (- for none, * to show all)? (? for menu, Esc to quit)
b - a +0 short sword (weapon)
The orc hits you with a dagger.
You completely miss the orc.
The orc is severely wounded.
The orc hits you but does no damage.
You closely miss the orc.
The orc is severely wounded.
The orc hits you but does no damage.
You hit the orc.
You kill the orc!
You hit something. Something hits you but does no damage.
The orc priest calls down the wrath of Beogh upon you.
Something smites you!
Ouch! That really hurt!
You die...

# #.# #.
#.############# #..
#....>........#
#..###..##########.#
#.......## #.#
....#....># #.# ..
##...## #.# ##.##
#####.#### #@#
#.......<. #{#
#.###.###. #o#
#.###.###.


oK. #.##.#.##. ..(.. #.#.###†#. .(..... #....#.... .o.......####....####
+....(....+.......# #..K......####....# You could see an orc priest, an orc and
a kobold.

Vanquished Creatures
  3 adders (D:2)
  An ooze (D:1)
  2 worms
  An orc (D:3)
  A giant cockroach (D:2)
  A goblin (D:1)
  6 hobgoblins
  2 quokkas (D:2)
  A ball python (D:1)
  2 bats (D:1)
  A giant gecko (D:3)
  2 giant newts
  5 kobolds
  4 rats
  A fungus (D:1)
33 creatures vanquished.

Notes
Turn   | Place    | Note
--------------------------------------------------------------
     0 | D:1      | PossumBlood the High Elf Hunter began the quest for the Orb.
     0 | D:1      | Reached XP level 1. HP: 14/14 MP: 2/2
   304 | D:1      | Reached XP level 2. HP: 19/19 MP: 3/3
   331 | D:1      | Reached skill level 6 in Bows
   814 | D:2      | Reached XP level 3. HP: 24/24 MP: 4/4
   833 | D:2      | Found a glowing golden altar of the Shining One.
   836 | D:2      | Found a white marble altar of Elyvilon.
   836 | D:2      | Found a glowing silver altar of Zin.
  1122 | D:2      | Reached skill level 7 in Bows
  1330 | D:2      | Found a blossoming altar of Fedhas.
  1350 | D:2      | Noticed an oklob plant
  1695 | D:3      | Killed from afar by an orc priest

Action                   || total
-------------------------++-------
Melee: Short sword       ||    24
 Fire: Shortbow          ||   100
  Eat: Beef jerky        ||     2
